 Dungeon Crawl Stone Soup version 0.30-a0-702-gdf48620a09 (webtiles) character file.

Game seed: 1584627802048741441

9888 Farfigtubin the Unseen (level 11, -7/59 HPs)
             Began as a Kobold Enchanter on Jan 21, 2023.
             Was a Believer of Dithmenos.
             Mangled by a six-headed hydra (14 damage)
             ... on level 2 of the Lair of Beasts.
             The game lasted 01:26:44 (9748 turns).

Farfigtubin the Unseen (Kobold Enchanter)           Turns: 9748, Time: 01:26:44

Health: -7/59      AC:  2    Str:  6    XL:     11   Next: 82%
Magic:  22/31      EV: 22    Int: 16    God:    Dithmenos [**....]
Gold:   975        SH:  0    Dex: 20    Spells: 14/25 levels left

rFire   . . .      SeeInvis .    a - +1 dagger
rCold   . . .      Faith    .    (no shield)
rNeg    . . .      Spirit   .    b - +0 robe
rPois   .          Reflect  .    (no helmet)
rElec   .          Harm     .    (no cloak)
rCorr   .          Rampage  .    (no gloves)
Will    .....                    (no boots)
Stlth   ++++++++++               q - amulet of the acrobat
HPRegen 0.29/turn                h - +5 ring of evasion
MPRegen 0.22/turn                j - ring of magical power

@: wreathed by umbra
A: small, no large weapons, nightstalker 3
a: Renounce Religion, Shadow Step


You were on level 2 of the Lair of Beasts.
You worshipped Dithmenos.
Dithmenos was pleased with you.
You visited 3 branches of the dungeon, and saw 12 of its levels.
You also visited: Ossuary.

You collected 975 gold pieces.

Inventory:

Hand Weapons
 a - a +1 dagger (weapon)
 M - a +3 sling
Missiles
 F - 2 throwing nets
Armour
 b - a +0 robe (worn)
Jewellery
 h - a +5 ring of evasion (left hand)
 j - a ring of magical power (right hand)
 q - an amulet of the acrobat (around neck)
 r - a ring of willpower
 J - a ring of resist corrosion
 N - an amulet of faith
 O - a ring of ice
 P - an amulet of reflection
 Q - an amulet of regeneration
Wands
 I - a wand of charming (19)
 K - a wand of polymorph (14)
Scrolls
 g - 2 scrolls of poison {unknown}
 i - 7 scrolls of teleportation
 l - 7 scrolls of identify
 m - 3 scrolls of blinking {unknown}
 p - 2 scrolls of brand weapon {unknown}
 t - 3 scrolls of fear {unknown}
 u - 3 scrolls of fog {unknown}
 v - a scroll of vulnerability {unknown}
 y - 2 scrolls of enchant armour {unknown}
 B - 2 scrolls of magic mapping {unknown}
 D - 4 scrolls of immolation
 E - 2 scrolls of noise {unknown}
 G - 2 scrolls of enchant weapon {unknown}
Potions
 c - 3 potions of invisibility
 d - 2 potions of mutation {unknown}
 e - a potion of berserk rage {unknown}
 f - 3 potions of heal wounds
 k - 2 potions of haste {unknown}
 n - 7 potions of curing
 o - 3 potions of cancellation
 s - 2 potions of lignification {unknown}
 w - a potion of attraction {unknown}
 x - 3 potions of brilliance
 z - 5 potions of flight {unknown}
 A - 2 potions of ambrosia {unknown}
 C - 3 potions of degeneration
 H - 4 potions of magic {unknown}
 L - 2 potions of might {unknown}


   Skills:
 + Level 2.7 Fighting
 + Level 6.4 Short Blades
 + Level 4.2 Dodging
 + Level 16.3 Stealth
 + Level 7.5 Spellcasting
 + Level 8.0 Hexes
 + Level 6.3 Ice Magic


You had 14 spell levels left.
You knew the following spells:

 Your Spells              Type           Power      Damage    Failure   Level
a - Ensorcelled Hibernat  Hex/Ice        58%        N/A       1%          2
b - Tukima's Dance        Hex            31%        N/A       1%          3
c - Dazzling Flash        Conj/Hex       36%        N/A       7%          3
d - Confusing Touch       Hex            31%        N/A       1%          3

Your spell library contained the following spells:

 Spells                   Type           Power      Damage    Failure   Level
 Apportation              Tloc           12%        N/A       12%         1
 Kiss of Death            Conj/Necr      24%        2d7       12%         1
 Alistair's Intoxication  Tmut/Pois      4%         N/A       97%         5


Dungeon Overview and Level Annotations

Branches:
Dungeon (9/15)             Temple (1/1) D:7            Lair (2/5) D:9
Ossuary (visited)
  Swamp: Lair:2-3    Shoals: Lair:2-3     Snake: Lair:2-3    Spider: Lair:2-3
    Orc: D:9-12

Altars:
Ashenzari
Cheibriados
Dithmenos
Elyvilon
Fedhas
Gozag
Hepliaklqana
Kikubaaqudgha
Makhleb
Nemelex Xobeh
Okawaru
Qazlal
Ru
Sif Muna
Trog
Vehumet
Wu Jian
Xom
Yredelemnul
Zin
The Shining One

Shops:
D:2 (   D:3 *

Annotations:
D:6 1 runed translucent door, nucleargodhead's ghost, novice MiBe
D:7 2 runed translucent doors, 2 transporters, experimilk's ghost, novice DrCj


Innate Abilities, Weirdness & Mutations

You are small and have problems with some larger weapons.
You are completely attuned to the shadows.


Message History

A six-headed hydra comes into view.
Aiming: Ensorcelled Hibernation (safe; 1% risk of failure)
Press: ? - help, Q - select action, (/) - cycle Shift-Dir - straight line, f - six-headed hydra
Aim: a six-headed hydra (wandering, hasn't noticed you, chance to affect: 25%)
The six-headed hydra roars!
The six-headed hydra resists with almost no effort.
You hear a croak.
A bullfrog comes into view.
Aiming: Ensorcelled Hibernation (safe; 1% risk of failure)
Press: ? - help, Q - select action, (/) - cycle Shift-Dir - straight line, f/p - six-headed hydra
Aim: a six-headed hydra (chance to affect: 25%)
The six-headed hydra resists with almost no effort.
Aiming: Ensorcelled Hibernation (safe; 1% risk of failure)
Press: ? - help, Q - select action, (/) - cycle Shift-Dir - straight line, f/p - six-headed hydra
Aim: a six-headed hydra (umbra, chance to affect: 25%)
The six-headed hydra resists with almost no effort.
The six-headed hydra completely misses you.
The six-headed hydra bites you! x2; The six-headed hydra bites you.
The six-headed hydra completely misses you.
The six-headed hydra bites you!
Aiming: Ensorcelled Hibernation (safe; 1% risk of failure)
Press: ? - help, Q - select action, (/) - cycle Shift-Dir - straight line, f/p - six-headed hydra
Aim: a six-headed hydra (umbra, chance to affect: 25%)
The six-headed hydra resists with almost no effort.
The six-headed hydra bites you.
* * * LOW HITPOINT WARNING * * *
The six-headed hydra completely misses you.
The six-headed hydra closely misses you.
The six-headed hydra completely misses you.
The six-headed hydra barely misses you.
The six-headed hydra closely misses you.
The bullfrog completely misses you.
Aiming: Ensorcelled Hibernation (safe; 1% risk of failure)
Press: ? - help, Q - select action, (/) - cycle Shift-Dir - straight line, f/p - six-headed hydra
Aim: a six-headed hydra (umbra, chance to affect: 25%)
The six-headed hydra resists with almost no effort.
The bullfrog misses you. The six-headed hydra bites you!
* * * LOW HITPOINT WARNING * * *
The six-headed hydra misses you. The six-headed hydra bites you!
You die...

#........ ##.......
#........ .......#.
##........# ..#
..........# ..#
..........# ..##
....F.D..## ...####
##......@....#
..###.##............###
.................P..#P##
.......................#
..####..#...........####
[.# #..##......#.#.##
..## #...........#...##
...###P...............##
...P####.......†.......#


You could see a six-headed hydra and a bullfrog.

Vanquished Creatures
  A boulder beetle (Lair:1)
  2 black mambas (Lair:1)
  A cane toad (Lair:1)
  A komodo dragon (Lair:2)
  A polar bear (Lair:1)
  A troll (D:9)
  3 blink frogs (Lair:1)
  Sigmund (D:5)
  5 wyverns
  A shadow (D:9)
  4 yaks
  A steam dragon (D:9)
  A basilisk (D:9)
  Duvessa (D:5)
  An acid dragon (D:6)
  6 water moccasins
  3 orc warriors
  3 ice beasts
  2 sky beasts
  9 wolves
  2 ogres (D:5)
  A centaur (D:9)
  A phantom (D:5)
  3 kobold brigands
  An elf zombie (Ossuary)
  3 bullfrogs
  2 necrophages
  A gnoll sergeant (D:7)
  3 scorpions
  Dowan (D:5)
  6 killer bees (D:8)
  5 howler monkeys
  2 hounds
  4 jellies
  3 gnoll boudas
  4 orc priests
  5 iguanas
  7 orc wizards
  2 mummies (Ossuary)
  4 adders
  24 gnolls
  A white imp (D:7)
  3 ufetubi
  2 worms
  3 dart slugs
  23 orcs
  10 ball pythons
  5 endoplasms
  A giant cockroach (D:4)
  A gnoll zombie (Ossuary)
  8 goblins
  5 hobgoblins
  11 jackals (D:1)
  2 quokkas
  5 bats
  3 frilled lizards
  7 goblin zombies
  2 hobgoblin zombies (Ossuary)
  A jackal zombie (D:7)
  12 kobolds
  4 orc zombies (Ossuary)
  4 rats
245 creatures vanquished.

Vanquished Creatures (collateral kills)
  4 wights (D:7)
4 creatures vanquished.

Vanquished Creatures (others)
  A dancing weapon (D:7)
  7 fungi
  23 plants
31 creatures vanquished.

Grand Total: 280 creatures vanquished

Notes
Turn   | Place    | Note
-------+----------+-------------------------------------------
     0 | D:1      | Farfigtubin the Kobold Enchanter began the quest for the
                  | Orb.
     0 | D:1      | Reached XP level 1. HP: 10/10 MP: 3/3
   129 | D:1      | Reached XP level 2. HP: 8/15 MP: 5/5
   315 | D:1      | You fall into a shaft and drop 1 floor!
   491 | D:1      | Reached skill level 5 in Stealth
   505 | D:1      | Reached XP level 3. HP: 9/19 MP: 6/6
   713 | D:1      | Found a faded altar of an unknown god.
   720 | D:1      | Got Plato's Catalogue of Abominable Deeds
   727 | D:1      | Learned a level 2 spell: Ensorcelled Hibernation
  1091 | D:2      | Reached skill level 1 in Fighting
  1098 | D:2      | Reached XP level 4. HP: 25/25 MP: 7/7
  1512 | D:2      | Reached skill level 6 in Stealth
  1572 | D:2      | Found Xoqash's Antique Weapon Shop.
  1861 | D:3      | Found Zielim's Assorted Antiques.
  2037 | D:3      | Reached XP level 5. HP: 29/29 MP: 8/8
  2248 | D:3      | Found a radiant altar of Vehumet.
  2477 | D:3      | Identified the +5 mace of Beogh, Bursting {drain, *Noise
                  | rElec rF+ SInv}
  2891 | D:4      | Reached skill level 7 in Stealth
  2891 | D:4      | Reached XP level 6. HP: 34/34 MP: 9/9
  2944 | D:4      | Reached skill level 1 in Ice Magic
  3397 | D:4      | Reached XP level 7. HP: 38/38 MP: 12/12
  3742 | D:4      | Found a hazy altar of Hepliaklqana.
  3801 | D:5      | Entered Level 5 of the Dungeon
  3843 | D:5      | Noticed Sigmund
  3847 | D:5      | Killed Sigmund
  3848 | D:5      | Reached skill level 8 in Stealth
  3848 | D:5      | Reached XP level 8. HP: 43/43 MP: 13/13
  3948 | D:5      | Reached skill level 9 in Stealth
  4007 | D:5      | Found a snail-covered altar of Cheibriados.
  4162 | D:5      | Reached skill level 10 in Stealth
  4237 | D:5      | Noticed Dowan
  4255 | D:5      | Noticed Duvessa
  4259 | D:5      | Killed Duvessa
  4269 | D:5      | Killed Dowan
  4437 | D:5      | Reached skill level 5 in Hexes
  4489 | D:5      | Reached XP level 9. HP: 47/47 MP: 15/15
  4613 | D:6      | Found a runed translucent door.
  4614 | D:6      | Noticed nucleargodhead's ghost (novice MiBe)
  4836 | D:6      | Reached skill level 11 in Stealth
  5116 | D:6      | Found a sparkling altar of Nemelex Xobeh.
  5119 | D:6      | Found a sacrificial altar of Ru.
  5120 | D:6      | Found a burning altar of Makhleb.
  5121 | D:6      | Found a basalt altar of Yredelemnul.
  5123 | D:6      | Found an iron altar of Okawaru.
  5671 | D:7      | Reached skill level 5 in Spellcasting
  5848 | D:6      | Learned a level 3 spell: Tukima's Dance
  5984 | D:7      | Found a runed translucent door.
  6041 | D:7      | Learned a level 3 spell: Dazzling Flash
  6061 | D:7      | Found a sand-covered staircase.
  6080 | Ossuary  | Entered an ossuary
  6096 | Ossuary  | Learned a level 3 spell: Confusing Touch
  6196 | Ossuary  | Reached skill level 12 in Stealth
  6322 | D:7      | Found a staircase to the Ecumenical Temple.
  6335 | Temple   | Entered the Ecumenical Temple
  6461 | Temple   | Became a worshipper of Dithmenos the Shadowed
  6478 | D:7      | Noticed experimilk's ghost (novice DrCj)
  6483 | D:7      | Found a transporter.
  6503 | D:7      | Found a transporter.
  6677 | D:7      | Reached skill level 5 in Short Blades
  6677 | D:7      | Reached XP level 10. HP: 52/52 MP: 18/18
  7028 | D:7      | Found a runed translucent door.
  7094 | D:8      | Reached skill level 13 in Stealth
  7434 | D:8      | Reached * piety under Dithmenos
  7489 | D:8      | Reached skill level 14 in Stealth
  8112 | D:9      | Reached skill level 5 in Ice Magic
  8268 | D:9      | Reached XP level 11. HP: 59/59 MP: 20/20
  8308 | D:9      | Reached skill level 15 in Stealth
  8381 | D:9      | Found a staircase to the Lair.
  8452 | D:9      | Reached ** piety under Dithmenos
  8656 | Lair:1   | Entered Level 1 of the Lair of Beasts
  9064 | Lair:1   | Noticed a boulder beetle
  9070 | Lair:1   | Killed a boulder beetle
  9071 | Lair:1   | Reached skill level 16 in Stealth
  9742 | Lair:2   | Noticed a six-headed hydra
  9748 | Lair:2   | Mangled by a six-headed hydra

Illustrated notes

Levels and vault maps discovered:
D:1:      shiori_shiawase, layout_basic, shapermc_ecumenical_altar_rom_forum,
          serial_park_tiny_2, patterned_corridor
D:2:      layout_basic, serial_shops, nicolae_shop_waterfront
D:3:      layout_loops_cross, general_overflow_altar, serial_shops,
          shop_fountains
D:4:      layout_loops_ring, nicolae_overflow_hidden_temple
D:5:      layout_rooms, mainiacjoe_overflow_small_starburst,
          kennysheep_generic_room_10, uniq_duvessa, uniq_sigmund
D:6:      layout_loops_ring, minitemple, ebering_ghost_inner_flame,
          bh_walls_and_bars
D:7:      lemuel_insect_pit, layout_basic, temple_green, enter_ossuary_3,
          gammafunk_ghost_wrathful_warriors
D:8:      layout_cave_pools, kennysheep_generic_room_15
D:9:      layout_basic, minmay_lair_entry_grove, serial_corexii_hall,
          corexii_hall_statues_x, corexii_hall_statues_x
Temple:   dshaligram_water_room_temple
Lair:1:   layout_regular_city
Lair:2:   layout_hall_layers, lemuel_fruit_fields

Skill      XL: |  1  2  3  4  5  6  7  8  9 10 11 |
---------------+----------------------------------+-----
Stealth        | 5 6 7 8 10 12 14 16 | 16.3
Fighting       | 1 2 |  2.7
Short Blades   | 2 3 4 5 6 |  6.4
Spellcasting   | 3 4 5 6 7 |  7.5
Ice Magic      | 1 2 3 4 5 6 |  6.3
Hexes          | 4 5 6 7 8 |  8.0
Dodging        | 3 4 |  4.2

Action                   |  1- 3 |  4- 6 |  7- 9 | 10-12 || total
-------------------------+-------+-------+-------+-------++-------
Melee: Dagger            |   107 |    53 |   178 |    94 ||   432
 Cast: Ensorcelled Hiber |     1 |    51 |    58 |    86 ||   196
       Confusing Touch   |       |       |    10 |     1 ||    11
       Tukima's Dance    |       |       |     8 |       ||     8
  Use: Scroll            |       |     3 |       |     4 ||     7
       Potion            |       |       |     2 |       ||     2
 Stab: Sleeping          |    19 |    41 |    69 |    80 ||   209
       Distracted        |       |     1 |     1 |     2 ||     4
       Confused          |       |       |     7 |     1 ||     8
Armor: Robe              |    13 |     2 |    11 |     5 ||    31
Dodge: Dodged            |    84 |    55 |   183 |    89 ||   411

Table legend: (Time is in decaauts)
 A = Elapsed time spent in this place.
 B = Non-inter-level travel time spent in this place.
 C = Inter-level travel time spent in this place.
 D = Time resting spent in this place.
 E = Time spent auto-exploring this place.
 F = Levels seen in this place.
 G = Mean time per level.
                   A        B        C        D        E       F      G
               +--------+--------+--------+--------+--------+-----+--------+
         Total |   9665 |   9496 |    169 |    758 |   1247 |  13 |  743.5 |
       Dungeon |   8225 |   8056 |    169 |    715 |   1247 |   9 |  913.9 |
        Temple |    132 |    132 |      0 |      0 |      0 |   1 |  132.0 |
          Lair |   1085 |   1085 |      0 |      0 |      0 |   2 |  542.5 |
       Ossuary |    221 |    221 |      0 |     43 |      0 |   1 |  221.0 |
               +--------+--------+--------+--------+--------+-----+--------+

Top non-repeatable levels by time:
     D:6: 1063 daAuts
     D:7: 1053 daAuts
     D:4: 1002 daAuts
     D:1: 970 daAuts
     D:3: 956 daAuts
     D:9: 945 daAuts
  Lair:1: 891 daAuts
     D:2: 880 daAuts
     D:5: 749 daAuts
     D:8: 603 daAuts
 Ossuary: 221 daAuts
  Lair:2: 194 daAuts
  Temple: 132 daAuts
